 Dungeon Crawl Stone Soup version 0.30-a0-845-g7c6808c8ce (webtiles) character file.

Game seed: 14217393962896641736

793 lunkers the Carver (level 8, -1/67 HPs)
             Began as a Meteoran Fighter on Mar 2, 2023.
             Was a Priest of Lugonu.
             Slain by an orc warrior
             ... wielding a +0 dire flail
              (10 damage)
             ... on level 5 of the Dungeon.
             The game lasted 00:06:52 (2422 turns).

lunkers the Carver (Meteoran Fighter)               Turns: 2422, Time: 00:06:52

Health: -1/67      AC: 13    Str: 17    XL:     8   Next: 35%
Magic:  9/9        EV:  9    Int: 10    God:    Lugonu [***...]
Gold:   176        SH:  5    Dex: 16    Spells: 7/7 levels left

rFire   . . .      SeeInvis .    a - +0 long sword
rCold   . . .      Faith    .    c - +0 buckler
rNeg    . . .      Spirit   .    b - +0 scale mail
rPois   .          Reflect  .    (no helmet)
rElec   .          Rampage  .    (no cloak)
rCorr   .                        (no gloves)
Will    +....                    p - +1 pair of boots Stlth
                                 s - amulet of the acrobat
HPRegen 0.31/turn                n - +4 ring of protection
MPRegen 0.11/turn                (no ring)

@: glowing
A: sense surroundings 1, otherworldly, glowing, explore regen
a: Renounce Religion, Depart the Abyss, Banish


You were on level 5 of the Dungeon.
You worshipped Lugonu.
Lugonu was most pleased with you.
You visited 1 branch of the dungeon, and saw 5 of its levels.
You also visited: Sewer.

You collected 176 gold pieces.

Inventory:

Hand Weapons
 a - a +0 long sword (weapon)
Armour
 b - a +0 scale mail (worn)
 c - a +0 buckler (worn)
 p - a +1 pair of boots (worn)
Jewellery
 n - a +4 ring of protection (left hand)
 s - an amulet of the acrobat (around neck)
Scrolls
 f - 2 scrolls of torment {unknown}
 g - a scroll of enchant armour {unknown}
 i - a scroll of acquirement {unknown}
 k - a scroll of poison {unknown}
 l - 7 scrolls of teleportation
 m - a scroll of immolation {unknown}
 o - 2 scrolls of magic mapping
 r - a scroll of blinking {unknown}
 x - a scroll of enchant weapon {unknown}
Potions
 d - a potion of magic
 e - 2 potions of cancellation
 h - a potion of flight {unknown}
 q - 2 potions of brilliance
 t - a potion of haste {unknown}
 u - 2 potions of curing
 v - a potion of invisibility {unknown}
 w - 2 potions of heal wounds


   Skills:
 + Level 4.4 Fighting
 - Level 10.0 Long Blades
 - Level 3.6 Armour
 - Level 3.6 Shields


You had 7 spell levels left.
You didn't know any spells.
Your spell library contained the following spells:

 Spells                   Type           Power      Damage    Failure   Level
 Kiss of Death            Conj/Necr      0%         2d5       86%         1
 Slow                     Hex            0%         N/A       86%         1


Dungeon Overview and Level Annotations

Branches:
Dungeon (5/15) Zot: 876     Sewer (visited)
 Temple: D:4-7

Altars:
Nemelex Xobeh
Sif Muna
Trog
Lugonu


Innate Abilities, Weirdness & Mutations

You passively map a small area around you.
You are easily found by Zot.
You glow in the dark.
You regain HP and MP as you explore.


Message History

* * * LOW HITPOINT WARNING * * *
The orc priest invokes the aid of Beogh against you.
Beogh smites you!
* * * LOW HITPOINT WARNING * * *
Okay, then.
Okay, then.
You feel much better.
The orc wizard mumbles some strange words.
The orc wizard flickers and vanishes!
Deactivating autopickup; reactivate with Ctrl-A.
The orc warrior hits you with a +0 dire flail.
* * * LOW HITPOINT WARNING * * *
You hit the orc warrior.
The orc warrior is heavily wounded.
The orc warrior hits you with a +0 dire flail!
* * * LOW HITPOINT WARNING * * *
You hit the orc warrior.
The orc warrior is severely wounded.
You completely miss the orc warrior.
The orc warrior is severely wounded.
The orc warrior barely misses you.
You hit the orc warrior.
The orc warrior is severely wounded.
The orc priest calls upon Beogh to heal the orc warrior.
The orc warrior is healed somewhat.
The orc warrior closely misses you.
You hit the orc warrior but do no damage.
The orc warrior is heavily wounded.
The orc priest calls down the wrath of Beogh upon you.
Beogh smites you!
* * * LOW HITPOINT WARNING * * *
You block the orc warrior's attack.
Unknown command.
You hit the orc warrior.
The orc warrior is severely wounded.
The orc warrior hits you with a +0 dire flail.
* * * LOW HITPOINT WARNING * * *
You barely miss the orc warrior.
The orc warrior is severely wounded.
The orc warrior hits you with a +0 dire flail!
You die...

#############
#............
#.#########..
######.# #.#
#......# #.#
#.###### #.#
#@# #.# #o#
#># ** #o#*
#.# .{o, #.#
* *### #.# *
* * , , , , ,
*


You could see an orc warrior, an orc priest and an orc.

Vanquished Creatures
  An orc warrior (D:4)
  A black bear (D:4)
  A phantom (D:4)
  2 bullfrogs (Sewer)
  A jelly (D:4)
  A sleepcap (D:4)
  3 iguanas (D:4)
  An orc wizard (D:4)
  9 adders
  6 river rats (Sewer)
  A worm (D:4)
  3 dart slugs
  3 orcs
  17 ball pythons
  5 endoplasms
  A giant cockroach (D:4)
  5 goblins
  A hobgoblin (D:3)
  3 jackals (D:2)
  3 kobolds (D:1)
  3 quokkas
  4 bats
  4 frilled lizards
  23 rats
102 creatures vanquished.

Notes
Turn   | Place    | Note
-------+----------+-------------------------------------------
     0 | D:1      | lunkers the Meteoran Fighter began the quest for the Orb.
     0 | D:1      | Reached XP level 1. HP: 19/19 MP: 2/2
    84 | D:1      | Reached skill level 3 in Long Blades
    84 | D:1      | Reached XP level 2. HP: 26/26 MP: 3/3
   146 | D:1      | Reached XP level 3. HP: 29/31 MP: 4/4
   181 | D:1      | Reached skill level 4 in Long Blades
   421 | D:2      | Found a faded altar of an unknown god.
   425 | D:2      | Prayed at the altar of an unknown god.
   425 | D:2      | Became a worshipper of Lugonu the Unformed
   425 | D:2      | Reached * piety under Lugonu
   540 | D:2      | Reached XP level 4. HP: 38/38 MP: 5/5
  1099 | D:4      | Noticed a black bear
  1112 | D:4      | Killed a black bear
  1113 | D:4      | Reached skill level 6 in Long Blades
  1113 | D:4      | Reached XP level 5. HP: 28/45 MP: 6/6
  1140 | D:4      | Reached XP level 6. HP: 31/51 MP: 7/7
  1230 | D:4      | Reached skill level 7 in Long Blades
  1414 | D:4      | Reached XP level 7. HP: 43/57 MP: 8/8
  1431 | D:4      | Reached skill level 8 in Long Blades
  1632 | D:4      | Found a sparkling altar of Nemelex Xobeh.
  1819 | D:4      | Found a glowing drain.
  1841 | Sewer    | Entered a sewer
  1893 | Sewer    | Reached ** piety under Lugonu
  1934 | Sewer    | Reached skill level 9 in Long Blades
  2147 | Sewer    | Reached XP level 8. HP: 26/63 MP: 9/9
  2263 | D:4      | Found a bloodstained altar of Trog.
  2288 | D:4      | Reached *** piety under Lugonu
  2289 | D:4      | Reached skill level 10 in Long Blades
  2307 | D:4      | Found a shimmering blue altar of Sif Muna.
  2311 | D:4      | Got Sif Muna's Discursus on Decaying Ill Luck
  2348 | D:5      | Entered Level 5 of the Dungeon
  2422 | D:5      | Slain by an orc warrior

Illustrated notes

Levels and vault maps discovered:
D:1:      minmay_arrival_four_houses, layout_rooms
D:2:      layout_basic, chequers_ecumenical_altar_grove
D:3:      layout_loops_cross, gammafunk_ghost_gnarly_gnolls
D:4:      layout_loops_corners, nzn_overflow_gifts_of_might_and_magic,
          nemelex_spade_bored_becter, cheibrodos_sewer_entry_bend, minivault_25,
          minmay_pentangle
D:5:      layout_loops_ring, nicolae_dithmenos_shadow_blocks,
          mainiacjoe_overflow_brackets, minmay_temple_entry_slanted,
          serial_shops, shop, chequers_serial_rivers_micro_d, grunt_decor_cap

Skill      XL: |  1  2  3  4  5  6  7  8 |
---------------+-------------------------+-----
Long Blades    | 3 4 6 7 9 10 | 10.0
Fighting       | 4 |  4.4
Armour         | |  3.6
Shields        | |  3.6

Action                     |  1- 3 |  4- 6 |  7- 9 || total
---------------------------+-------+-------+-------++-------
  Melee: Long sword        |    86 |    91 |   235 ||   412
    Use: Scroll            |       |       |     8 ||     8
         Potion            |       |       |     2 ||     2
 Armour: Scale mail        |    50 |    46 |   172 ||   268
  Dodge: Dodged            |    51 |    42 |   154 ||   247
  Block: Buckler           |    29 |    19 |    90 ||   138

Table legend: (Time is in decaauts)
 A = Elapsed time spent in this place.
 B = Non-inter-level travel time spent in this place.
 C = Inter-level travel time spent in this place.
 D = Time resting spent in this place.
 E = Time spent auto-exploring this place.
 F = Levels seen in this place.
 G = Mean time per level.
                   A        B        C        D        E       F      G
               +--------+--------+--------+--------+--------+-----+--------+
         Total |   2494 |   2440 |     54 |      0 |   1614 |   6 |  415.7 |
       Dungeon |   2122 |   2068 |     54 |      0 |   1479 |   5 |  424.4 |
         Sewer |    371 |    371 |      0 |      0 |    135 |   1 |  371.0 |
               +--------+--------+--------+--------+--------+-----+--------+

Top non-repeatable levels by time:
     D:4: 956 daAuts
     D:2: 722 daAuts
   Sewer: 371 daAuts
     D:1: 280 daAuts
     D:3: 90 daAuts
     D:5: 72 daAuts
